 Dungeon Crawl Stone Soup version 0.28-a0-1190-g77e1c55843 (webtiles) character file.

Game seed: 1643705388263824542

1 klvnl the Sneak (level 1, 0/9 HPs)
             Began as a Spriggan Enchanter on Dec 18, 2021.
             Frozen to death by an endoplasm (4 damage)
             ... on level 1 of the Dungeon.
             The game lasted 00:00:54 (69 turns).

klvnl the Sneak (Spriggan Enchanter)                  Turns: 69, Time: 00:00:54

Health: 0/9        AC:  2    Str:  4    XL:     1   Next: 16%
Magic:  5/5        EV: 17    Int: 16    God:
Gold:   0          SH:  0    Dex: 15    Spells: 5/5 levels left

rFire   . . .      SeeInvis +   a - +1 dagger
rCold   . . .      Faith    .   (shield restricted)
rNeg    . . .      Spirit   .   b - +0 robe
rPois   .          Reflect  .   (helmet restricted)
rElec   .          Harm     .   (no cloak)
rCorr   .          Rampage  .   (gloves unavailable)
Will    .....                   (boots unavailable)
Stlth   +++.......              (no amulet)
HPRegen 0.03/turn               (no ring)
MPRegen 0.09/turn               (no ring)

@: very quick
A: very small, no large weapons, unfitting armour, see invisible, speed 3
a: no special abilities


You were on level 1 of the Dungeon.
You visited 1 branch of the dungeon, and saw 1 of its levels.

Inventory:

Hand Weapons
 a - a +1 dagger (weapon)
Armour
 b - a +0 robe (worn)
Potions
 c - a potion of invisibility
 d - a potion of heal wounds {unknown}


   Skills:
 - Level 1.1 Short Blades
 - Level 2.6 Dodging
 - Level 4.4 Stealth
 + Level 2.7 Spellcasting
 + Level 3.7 Hexes


You had 5 spell levels left.
You didn't know any spells.
Your spell library contained the following spells:

 Spells                   Type           Power      Damage    Failure   Level
 Confusing Touch          Hex            14%        N/A       13%         3
 Tukima's Dance           Hex            14%        N/A       13%         3
 Ensorcelled Hibernation  Hex/Ice        16%        N/A       14%         2
 Dazzling Flash           Conj/Hex       16%        N/A       26%         3


Dungeon Overview and Level Annotations

Branches:
Dungeon (1/15)

Altars:


Innate Abilities, Weirdness & Mutations

You are very small and have problems with some larger weapons.
You are too small for most types of armour.
You have supernaturally acute eyesight. (SInv)
You cover ground extremely quickly. (Speed+++)


Message History

You barely miss the bat. The bat misses you.
Unknown command.
Unknown command.
Unknown command.
Unknown command.
Unknown command.
Unknown command.
Unknown command.
Unknown command.
You hit the bat but do no damage. The bat hits you. The quokka bites you.
You barely miss the bat. The bat closely misses you.
The bat completely misses you. The quokka closely misses you.
The bat misses you. The quokka bites you. The bat misses you.
You see here a ring of see invisible.
You closely miss the bat. The bat completely misses you.
The quokka closely misses you. The rat bites you.
Unknown command.
You hit the bat.
The bat is moderately wounded.
The bat closely misses you. The quokka completely misses you.
The goblin misses you.
Unknown command.
The endoplasm quivers.
You hit the quokka.
The quokka is moderately wounded.
The bat misses you. The goblin barely misses you.
The quokka closely misses you.
The endoplasm jiggles.
The rat misses you.
Unknown command.
Unknown command.
The bat completely misses you. The bat closely misses you.
The bat hits you but does no damage.
The endoplasm jiggles.
You see here 20 arrows.
You hit the endoplasm but do no damage. The bat misses you.
The frilled lizard closely misses you. The endoplasm freezes you.
You are frozen.
You die...

#########
#.@J....#
#####bl.....#####
#.#.#.#r#g#)#.#(#.
........=........
#.#.#.#.#.#.#.#.
................
#.#.#.#.#.#.#.#.
#####.##..#.# ..
#.......# ..


You could see an endoplasm, a hobgoblin, a bat, a frilled lizard and a rat.

Vanquished Creatures
  A giant cockroach (D:1)
1 creature vanquished.

Notes
Turn   | Place    | Note
-------+----------+-------------------------------------------
     0 | D:1      | klvnl the Spriggan Enchanter began the quest for the Orb.
     0 | D:1      | Reached XP level 1. HP: 9/9 MP: 5/5
    69 | D:1      | Frozen to death by an endoplasm

Illustrated notes

Levels and vault maps discovered:
D:1:      heliophobic_arrival_battle_scene, layout_rooms, st_stairs_13,
          corner_web_ring, hex_tiny, nicolae_grassy_gnolls

Action                   || total
-------------------------++-------
Melee: Dagger            ||     9
 Stab: Sleeping          ||     1
Armor: Robe              ||     2
Dodge: Dodged            ||    30

Table legend: (Time is in decaauts)
 A = Elapsed time spent in this place.
 B = Non-inter-level travel time spent in this place.
 C = Inter-level travel time spent in this place.
 D = Time resting spent in this place.
 E = Time spent auto-exploring this place.
 F = Levels seen in this place.
 G = Mean time per level.
                   A        B        C        D        E       F      G
               +--------+--------+--------+--------+--------+-----+--------+
         Total |     44 |     44 |      0 |      0 |      7 |   1 |   44.0 |
       Dungeon |     44 |     44 |      0 |      0 |      7 |   1 |   44.0 |
               +--------+--------+--------+--------+--------+-----+--------+

Top non-repeatable levels by time:
     D:1: 44 daAuts
